 Dungeon Crawl Stone Soup version 0.24.0-125-gc4c63601f3 (webtiles) character file.

Game seed: 7823047775984461753, levelgen mode: deterministic

252 Amplified the Skirmisher (level 6, -4/47 HPs)
             Began as a Human Fire Elementalist on Mar 3, 2020.
             Killed by divine providence
             ... invoked by an orc priest
              (11 damage)
             ... on level 3 of the Dungeon.
             The game lasted 00:07:23 (3430 turns).

Amplified the Skirmisher (Human Fire Elementalist)  Turns: 3430, Time: 00:07:24

Health: -4/47      AC:  4    Str: 10    XL:     6   Next: 36%
Magic:  9/9        EV: 12    Int: 16    God:
Gold:   134        SH:  0    Dex: 13    Spells: 5/9 levels left

rFire    . . .     SeeInvis .   l - +0 morningstar (protect)
rCold    . . .     Gourm    .   (no shield)
rNeg     + . .     Faith    .   f - +1 leather armour
rPois    +         Spirit   .   (no helmet)
rElec    .         Reflect  .   (no cloak)
rCorr    .         Harm     .   (no gloves)
MR       .....                  (no boots)
Stlth    ++........             (no amulet)
HPRegen  0.15/turn              i - ring of positive energy
MPRegen  0.11/turn              k - ring of poison resistance

@: about to teleport
A: no striking features
a: no special abilities


You were on level 3 of the Dungeon.
You were not hungry.

You visited 1 branch of the dungeon, and saw 3 of its levels.

You collected 134 gold pieces.

Inventory:

Hand Weapons
 b - a +0 whip
 l - a +0 morningstar of protection (weapon)
Missiles
 e - 51 stones (quivered)
Armour
 f - a +1 leather armour (worn)
 h - a +0 ring mail
Jewellery
 a - a +3 ring of intelligence
 i - a ring of positive energy (left hand)
 k - a ring of poison resistance (right hand)
Scrolls
 d - 2 scrolls of teleportation
 g - a scroll of amnesia
 j - a scroll of blinking {unknown}
 m - a scroll of remove curse
 n - 3 scrolls of immolation
Comestibles
 c - 6 rations


   Skills:
 * Level 3.2 Fighting
 * Level 3.2 Maces & Flails
 + Level 2.0 Armour
 + Level 3.0 Dodging
 - Level 2.0 Stealth
 - Level 2.0 Spellcasting
 - Level 1.0 Conjurations
 - Level 3.0 Fire Magic


You had 5 spell levels left.
You knew the following spells:

 Your Spells              Type           Power        Failure   Level  Hunger
a - Flame Tongue          Conj/Fire      #....        12%         1    #......
b - Throw Flame           Conj/Fire      #.....       19%         2    ###....
c - Confusing Touch       Hex            #.....       26%         1    #......

Your spell library contained the following spells:

 Spells                   Type           Power        Failure   Level  Hunger
 Animate Skeleton         Necr           N/A          26%         1    #......
 Apportation              Tloc           #.....       26%         1    #......
 Summon Small Mammal      Summ           #...         26%         1    #......
 Conjure Flame            Conj/Fire      #.......     34%         3    ###....
 Inner Flame              Hex/Fire       #.......     41%         3    ###....
 Sticky Flame             Conj/Fire      #.......     75%         4    #####..
 Fireball                 Conj/Fire      #.........   97%         5    ######.


Dungeon Overview and Level Annotations

Branches:
Dungeon (3/15)

Altars:


Message History

Unknown command.
Unknown command.
Unknown command.
The ball python hisses angrily.
You hear a shout!
The orc wizard looks braver for a moment.
The orc shouts!
The orc wizard casts a spell at you. The puff of flame hits you!
The orc wizard points at you and mumbles some strange words.
The magic dart hits you!
As you read the scroll of teleportation, it crumbles to dust.
You feel strangely unstable.
The orc priest calls down the wrath of Beogh upon you.
Pain shoots through your body!
The orc wizard gestures at you while chanting.
The magic dart hits you!
* * * LOW HITPOINT WARNING * * *
The orc priest invokes the aid of Beogh against you.
Beogh smites you!
You die...

,,,*,,,,.........o.# *#...##
*******,....#......###....#
*,,.........o..##....###
***.......#...#o...o.....#
****,,............o...##.#..####
,,,,,*.............S......#.#..#
******.#...#..............#o#..#
,,,*##.....#...........#..#.#..#
,,,,#...........@.....##..#.#.###
,,,,,..................#,##o##...
,,,,,*#...#...####...#...#...#...
,,,,,*#.......## ###.....#.#.#...
,..,**#...##...#** #######.#.##..
,,.#####.....#...#*** #..#..#..
,*#.........####....#* ##.###.##.
.*#.........# *###..###..#.#..##
..#.........# ####...##.##...


You could see an orc priest, an orc wizard, 2 orcs and a ball python.

Vanquished Creatures
  2 orc priests (D:3)
  A worker ant (D:3)
  7 adders
  3 oozes
  5 worms
  A leopard gecko (D:3)
  6 orcs (D:3)
  A ball python (D:3)
  3 giant cockroaches
  7 goblins
  9 hobgoblins
  7 jackals
  5 kobolds
  8 bats
  4 frilled lizards
  10 rats
79 creatures vanquished.

Notes
Turn   | Place    | Note
-------+----------+-------------------------------------------
     0 | D:1      | Amplified the Human Fire Elementalist began the quest for
                  | the Orb.
     0 | D:1      | Reached XP level 1. HP: 13/13 MP: 3/3
   371 | D:1      | Reached XP level 2. HP: 20/20 MP: 3/5
   813 | D:1      | Reached skill level 1 in Maces & Flails
  1041 | D:1      | Reached skill level 1 in Fighting
  1197 | D:2      | Reached XP level 3. HP: 23/26 MP: 1/6
  1391 | D:2      | Reached skill level 1 in Armour
  1418 | D:2      | Reached XP level 4. HP: 30/32 MP: 1/7
  1627 | D:2      | Learned a level 2 spell: Throw Flame
  1712 | D:2      | HP: 1/33 [poisoned by an adder]
  2014 | D:2      | Reached XP level 5. HP: 21/38 MP: 8/8
  2999 | D:3      | Reached XP level 6. HP: 20/46 MP: 9/9
  3249 | D:3      | Learned a level 1 spell: Confusing Touch
  3430 | D:3      | Killed from afar by an orc priest

Levels and vault maps discovered:
D:1:      eino_arrival_cavern_a, layout_basic
D:2:      layout_rooms
D:3:      minmay_general_purpose_star, layout_rooms, kennysheep_generic_room_3

Skill      XL: |  1  2  3  4  5  6 |
---------------+-------------------+-----
Maces & Flails | 1 2 3 |  3.2
Fighting       | 1 2 3 |  3.2
Armour         | 1 2 |  2.0
Dodging        | 3 |  3.0
Stealth        | |  2.0
Spellcasting   | |  2.0
Conjurations   | |  1.0
Fire Magic     | |  3.0

Action                   |  1- 3 |  4- 6 || total
-------------------------+-------+-------++-------
Melee: Whip              |    51 |    61 ||   112
       Morningstar       |       |   137 ||   137
Throw: Stone             |     1 |     1 ||     2
 Cast: Flame Tongue      |    34 |    31 ||    65
  Use: Scroll            |     5 |     5 ||    10
       Potion            |       |     4 ||     4
 Stab: Sleeping          |     3 |     2 ||     5
  Eat: Chunk             |     2 |     4 ||     6
       Ration            |       |     1 ||     1
Armor: Robe              |    14 |       ||    14
       Leather armour    |    24 |    70 ||    94
Dodge: Dodged            |    74 |   150 ||   224
